 Dungeon Crawl Stone Soup version 0.14-a0-1719-ga7e7698 (webtiles) character file.

111 Psiweapon the Charlatan (level 3, -2/23 HPs)
             Began as an Octopode Artificer on Jan 1, 2014.
             Killed from afar by Sigmund (8 damage)
             ... with a puff of flame
             ... on Level 2 of the Dungeon.
             The game lasted 00:05:49 (1261 turns).

Psiweapon the Charlatan (Octopode Artificer)        Turns: 1261, Time: 00:05:50

HP  -2/23        AC  1     Str 11      XL: 3   Next:  4%
MP  13/13        EV 17     Int 14      God:
Gold 86          SH  0     Dex 12      Spells:  0 memorised,  2 levels left

rFire  . . .     SeeInvis .     a - +0 short sword
rCold  . . .     Clarity  .     (no shield)
rNeg   . . .     Conserve .     (helmet restricted)
rPois  .         rCorr    .     (no amulet)
rElec  .         rRot     .     j - ring of magical power
SustAb . .       Spirit   .     H - +5 ring of evasion
rMut   .         Warding  .     (no ring)
Saprov . . .     Stasis   .     (no ring)
                                (no ring)
                                (no ring)
                                (no ring)
                                (no ring)

@: not resistant to hostile enchantments, stealthy
A: almost no armour, amphibious, 8 rings, constrict 8, camouflage 1, gelatinous
body 1
a: no special abilities


You were on level 2 of the Dungeon.
You were hungry.

You visited 1 branch of the dungeon, and saw 2 of its levels.

You collected 86 gold pieces.

Inventory:

Hand weapons
 a - a +0,+0 short sword (weapon)
 n - a +1,+0 elven spear
 t - a cursed -3,-3 whip
 v - a +0,+1 orcish dagger
 C - a +1,+1 dagger of venom
 E - a +0,+0 dagger
Missiles
 k - 7 tomahawks (quivered)
 u - 13 silver sling bullets
Armour
 e - a +0 pair of orcish gloves
 p - a +0 ring mail
 s - a +0 robe
Magical devices
 b - a wand of flame (13)
 c - a wand of enslavement (15)
 d - a wand of random effects (10)
Comestibles
 f - 2 bread rations
 h - an apple
 q - a choko
 D - a chunk of giant cockroach flesh
 F - a rotting chunk of quokka flesh
 I - a chunk of rat flesh
Scrolls
 i - a scroll of recharging
 l - 2 scrolls of teleportation {unknown}
 m - 4 scrolls of identify {unknown}
 w - 3 scrolls of immolation {unknown}
 x - 2 scrolls of amnesia {unknown}
 y - a scroll of blinking {unknown}
 G - a scroll of magic mapping {unknown}
Jewellery
 j - a ring of magical power (left tentacle)
 H - a +5 ring of evasion (right tentacle)
Potions
 g - a potion of curing {unknown}
 o - a potion of invisibility {unknown}
 r - a potion of heal wounds {unknown}
 A - a potion of speed {unknown}
 B - a potion of resistance {unknown}


   Skills:
 - Level 1.0 Fighting
 + Level 1.7 Short Blades
 + Level 2.4 Dodging
 + Level 2.3 Stealth
 + Level 3.5 Evocations


You had 2 spell levels left.
You didn't know any spells.

Dungeon Overview and Level Annotations

Branches:
Dungeon (2/16)

Altars:

Annotations:
D:2 Sigmund


Innate Abilities, Weirdness & Mutations

You cannot wear most types of armour.
You are amphibious.
You can wear up to eight rings at the same time.
You can use your tentacles to constrict many enemies at once.
Your skin changes colour to match your surroundings (Stlth).
Your rubbery body absorbs attacks (AC +1).


Message History

Press: ? - help, Shift-Dir - straight line, f/p - Sigmund
Aim: Sigmund, wielding a scythe and wearing a robe Sigmund struggles to resist.
This wand has 12 charges left.
Some of the chunks of flesh in your inventory have completely rotted away.
You see here 10 gold pieces.
Evoke which item? (* to show all) (? for menu, Esc to quit)
Zapping:
d - a wand of random effects (12)
Press: ? - help, Shift-Dir - straight line, f/p - Sigmund
Aim: Sigmund, wielding a scythe and wearing a robe The bolt of fire hits Sigmund.
Sigmund is severely wounded.
This wand has 11 charges left.
Sigmund misses you.
Evoke which item? (* to show all) (? for menu, Esc to quit)
Zapping:
d - a wand of random effects (11)
Press: ? - help, Shift-Dir - straight line, f/p - Sigmund
Aim: Sigmund, wielding a scythe and wearing a robe (severely wounded) Sigmund struggles to resist.
This wand has 10 charges left.
Sigmund casts a spell at you. The puff of flame hits you!
You die...

......###. .#.
.......... ..
♣♣♣....♣♣## ♣.#
♣♣♣♣....♣.#♣ ..##
♣♣.♣♣♣♣♣..♣..♣♣l.#
..♣...♣♣♣♣..♣.♣♣.#
....♣....♣♣♣...l@#
.........♣..♣ ♣#.#
P.%......♣....♣♣@#
...P..........♣♣.#
≈.≈...........♣#.#
≈≈♣.P.........♣#.#
≈P≈......PP♣P.♣♣.#
.♣♣.......♣.♣♣♣♣.#
♣....P...♣P.♣....#
........♣♣♣..P♣..#
§..♣.♣.♣.♣♣♣♣♣#.##


You could see Sigmund and 2 giant newts.

Vanquished Creatures
  A ball python (D:2)
  A giant cockroach (D:2)
  3 goblins
  5 hobgoblins (D:1)
  2 quokkas (D:2)
  4 bats (D:1)
  A giant newt (D:1)
  3 kobolds
  3 rats
23 creatures vanquished.

Vanquished Creatures (others)
  5 toadstools (D:1)
5 creatures vanquished.

Grand Total: 28 creatures vanquished

Notes
Turn   | Place    | Note
--------------------------------------------------------------
     0 | D:1      | Psiweapon, the Octopode Artificer, began the quest for the Orb.
     0 | D:1      | Reached XP level 1. HP: 13/13 MP: 1/1
   306 | D:1      | Reached XP level 2. HP: 5/18 MP: 3/3
  1090 | D:2      | Reached XP level 3. HP: 23/23 MP: 4/4
  1253 | D:2      | Noticed Sigmund
  1261 | D:2      | Killed from afar by Sigmund

Action                   || total
-------------------------++-------
Melee: Short sword       ||    49
Throw: Tomahawk          ||     5
Evoke: Wand              ||     7
 Stab: Sleeping          ||     3
